 Dungeon Crawl Stone Soup version 0.29-a0-802-g34511f41fd (webtiles) character file.

Game seed: 4533366775522089716

151 Sabo the Shield-Bearer (level 5, -1/42 HPs)
             Began as a Formicid Fighter on July 4, 2022.
             Was a Believer of Cheibriados.
             Slain by a water moccasin (2 damage)
             ... on level 4 of the Dungeon.
             The game lasted 00:17:30 (3419 turns).

Sabo the Shield-Bearer (Formicid Fighter)           Turns: 3419, Time: 00:17:32

Health: -1/42      AC:  9    Str: 27    XL:     5   Next: 60%
Magic:  5/5        EV:  7    Int: 17    God:    Cheibriados [**....]
Gold:   174        SH: 14    Dex: 17    Spells: 4/4 levels left

rFire   . . .      SeeInvis +   a - +0 war axe
rCold   . . .      Faith    .   l - +0 tower shield
rNeg    . . .      Spirit   .   b - +0 scale mail
rPois   .          Reflect  .   (helmet unavailable)
rElec   .          Harm     .   (no cloak)
rCorr   .          Rampage  .   (no gloves)
Will    .....                   g - +1 pair of boots
Stlth   ..........              (no amulet)
HPRegen 0.14/turn               q - +6 ring of intelligence
MPRegen 0.09/turn               (no ring)

@: lethally poisoned (-1 -> -10), very slow
A: permanent stasis, dig shafts and tunnels, antennae 3, four strong arms
a: Dig, Shaft Self, Renounce Religion, Bend Time


You were on level 4 of the Dungeon.
You worshipped Cheibriados.
Cheibriados was pleased with you.
You visited 1 branch of the dungeon, and saw 4 of its levels.

You collected 174 gold pieces.

Inventory:

Hand Weapons
 a - a +0 war axe (weapon)
 o - a +0 sling
Missiles
 f - 6 poisoned darts
Armour
 b - a +0 scale mail (worn)
 g - a +1 pair of boots (worn)
 l - a +0 tower shield (worn)
Jewellery
 q - a +6 ring of intelligence (left hand)
Scrolls
 e - a scroll of fog
 m - a scroll of poison
 n - a scroll of noise {unknown}
Potions
 c - 3 potions of attraction {unknown}
 d - 3 potions of might
 h - 2 potions of heal wounds {unknown}
 i - 2 potions of berserk rage {unknown}
 j - a potion of resistance {unknown}
 k - a potion of cancellation {unknown}
 p - a potion of lignification {unknown}
 r - 2 potions of curing {unknown}
 s - a potion of brilliance {unknown}


   Skills:
 + Level 4.0 Fighting
 + Level 3.7 Axes
 + Level 4.0 Armour
 + Level 0.4 Dodging
 + Level 0.2 Stealth
 + Level 4.8 Shields


You had 4 spell levels left.
You didn't know any spells.
Your spell library contained the following spells:

 Spells                   Type           Power      Damage    Failure   Level
 Ensorcelled Hibernation  Hex/Ice        0%         N/A       99%         2
 Passwall                 Tmut/Erth      0%         N/A       99%         2
 Malign Gateway           Summ/Tloc      0%         N/A       100%        7
 Summon Horrible Things   Summ           0%         N/A       100%        8
 Swiftness                Air            Unusable   N/A       N/A         3

Dungeon Overview and Level Annotations

Branches:
Dungeon (4/15)
 Temple: D:4-7

Altars:
Cheibriados
Fedhas
Gozag
Trog
Vehumet
Wu Jian
The Shining One


Innate Abilities, Weirdness & Mutations

You cannot be hasted, slowed, berserked, paralysed or teleported.
You can dig through walls and to a lower floor.
You have a pair of large antennae on your head. (SInv)
Your four strong arms can wield two-handed weapons with a shield.


Message History

The water moccasin bites you but does no damage.
The water moccasin barely misses you.
You closely miss the water moccasin.
The water moccasin is lightly wounded.
You feel sick. The water moccasin barely misses you.
You block the water moccasin's attack.
The water moccasin bites you but does no damage.
You slash the water moccasin!
The water moccasin is severely wounded.
You feel sick.
You block the water moccasin's attack. x2
You miss the water moccasin.
The water moccasin is severely wounded.
You feel sick.
You block the water moccasin's attack. x2
You hit the water moccasin.
The water moccasin is severely wounded.
You feel sick.
The water moccasin bites you but does no damage.
The water moccasin barely misses you.
You miss the water moccasin.
The water moccasin is severely wounded.
You feel sick.
The water moccasin bites you but does no damage.
You block the water moccasin's attack. The water moccasin bites you.
* * * LOW HITPOINT WARNING * * *
You closely miss the water moccasin.
The water moccasin is severely wounded.
You feel sick.
The water moccasin bites you but does no damage.
The water moccasin bites you.
* * * LOW HITPOINT WARNING * * *
You are lethally poisoned!
The water moccasin poisons you!
You hit the water moccasin.
The water moccasin is severely wounded.
* * * LOW HITPOINT WARNING * * *
You feel very sick. The water moccasin bites you.
* * * LOW HITPOINT WARNING * * *
The water moccasin bites you.
You die...

#..##
#..........
#.##
###.....[..
### #..###...
#.## ### ##.#
##.######
#.......###
##.<.......#
#..S@.....##
#..........#
#..###.......#
#..# ###.....#
#..# #...##
.## #...#
##..# #..


You could see a water moccasin.

Vanquished Creatures
  A crimson imp (D:3)
  3 adders
  An ufetubus (D:4)
  A worm (D:2)
  A dart slug (D:4)
  2 orcs
  6 ball pythons
  7 bats
  4 endoplasms
  2 giant cockroaches
  4 goblins
  8 hobgoblins
  10 jackals
  8 kobolds
  2 quokkas
  4 frilled lizards
  2 goblin skeletons (D:3)
  2 goblin zombies (D:3)
  A hobgoblin zombie (D:3)
  A kobold skeleton (D:3)
  A kobold zombie (D:3)
  2 orc skeletons (D:3)
  7 rats
80 creatures vanquished.

Notes
Turn   | Place    | Note
-------+----------+-------------------------------------------
     0 | D:1      | Sabo the Formicid Fighter began the quest for the Orb.
     0 | D:1      | Reached XP level 1. HP: 18/18 MP: 1/1
   102 | D:1      | Reached XP level 2. HP: 24/24 MP: 2/2
   478 | D:1      | Reached XP level 3. HP: 29/30 MP: 3/3
  1139 | D:2      | Reached XP level 4. HP: 37/37 MP: 4/4
  1153 | D:2      | Found a faded altar of an unknown god.
  1576 | D:2      | Found a bloodstained altar of Trog.
  1878 | D:2      | Prayed at the altar of an unknown god.
  1878 | D:2      | Became a worshipper of Cheibriados the Contemplative
  1878 | D:2      | Reached * piety under Cheibriados
  2194 | D:3      | Found a radiant altar of Vehumet.
  2201 | D:3      | Found an opulent altar of Gozag.
  2208 | D:3      | Found a bloodstained altar of Trog.
  2287 | D:3      | Found an ornate altar of the Wu Jian Council.
  2589 | D:3      | Found a glowing golden altar of the Shining One.
  2598 | D:3      | Reached XP level 5. HP: 42/42 MP: 5/5
  2619 | D:3      | Reached ** piety under Cheibriados
  3293 | D:4      | Found a blossoming altar of Fedhas.
  3404 | D:4      | Noticed a water moccasin
  3419 | D:4      | HP: 1/42 [water moccasin (3)]
  3419 | D:4      | Slain by a water moccasin

Illustrated notes

Levels and vault maps discovered:
D:1:      wander_arrival_chamber, layout_loops_ring, hangedman_feature_mirror
D:2:      layout_basic, hellmonk_ecumenical_altar_dog_temple, basic_altar
D:3:      layout_rooms, nicolae_tso_besieged_by_evil, mainiacjoe_overflow_paths,
          grunt_temple_overflow_diamond, wad_floor_pattern_untrapped,
          lemuel_old_faithful
D:4:      layout_cave_pods, fedhas_altar_4, uniq_crazy_yiuf_cottage

Skill      XL: |  1  2  3  4  5 |
---------------+----------------+-----
Axes           | 3 |  3.7
Fighting       | 4 |  4.0
Armour         | 4 |  4.0
Dodging        | |  0.4
Stealth        | |  0.2
Shields        | |  4.8

Action                   |  1- 3 |  4- 6 || total
-------------------------+-------+-------++-------
Melee: War axe           |   117 |   118 ||   235
  Use: Scroll            |       |     6 ||     6
Armor: Scale mail        |    69 |    59 ||   128
Dodge: Dodged            |    70 |    29 ||    99
Block: Buckler           |    25 |       ||    25
       Tower shield      |    52 |   108 ||   160

Table legend: (Time is in decaauts)
 A = Elapsed time spent in this place.
 B = Non-inter-level travel time spent in this place.
 C = Inter-level travel time spent in this place.
 D = Time resting spent in this place.
 E = Time spent auto-exploring this place.
 F = Levels seen in this place.
 G = Mean time per level.
                   A        B        C        D        E       F      G
               +--------+--------+--------+--------+--------+-----+--------+
         Total |   3967 |   3967 |      0 |    707 |      0 |   4 |  991.8 |
       Dungeon |   3967 |   3967 |      0 |    707 |      0 |   4 |  991.8 |
               +--------+--------+--------+--------+--------+-----+--------+

Top non-repeatable levels by time:
     D:2: 1189 daAuts
     D:3: 1181 daAuts
     D:1: 1117 daAuts
     D:4: 478 daAuts
